 Dungeon Crawl Stone Soup version 0.25.0-1-g7eea58d2a3 (webtiles) character file.

Game seed: 15498717696207406935

767 McIrco the Sneak (level 7, 0/33 HPs)
             Began as a Spriggan Enchanter on June 14, 2020.
             Drowned by a drowned soul (3 damage)
             ... summoned by a malarious merfolk avatar
             ... in a sewer.
             The game lasted 00:14:02 (6091 turns).

McIrco the Sneak (Spriggan Enchanter)               Turns: 6091, Time: 00:14:03

Health: 0/33       AC:  2    Str:  5    XL:     7   Next: 52%
Magic:  0/14       EV: 21    Int: 16    God:
Gold:   83         SH:  0    Dex: 18    Spells: 8/14 levels left

rFire    . . .     SeeInvis +   w - +2 dagger (venom)
rCold    + . .     Gourm    .   (shield restricted)
rNeg     . . .     Faith    .   s - +0 robe
rPois    .         Spirit   .   (helmet restricted)
rElec    .         Reflect  .   (no cloak)
rCorr    .         Harm     .   (gloves unavailable)
MR       +....                  (boots unavailable)
Stlth    ++........             (no amulet)
HPRegen  0.11/turn              q - ring of protection from cold
MPRegen  0.14/turn              (no ring)

@: confusing touch, mesmerised, slow
A: very small, unfitting armour, see invisible, herbivore, speed 3, slow
metabolism 2
a: no special abilities


You were in a sewer.
You were not hungry.

You visited 1 branch of the dungeon, and saw 5 of its levels.
You also visited: Sewer.

You collected 243 gold pieces.
You spent 160 gold pieces at shops.

Inventory:

Hand Weapons
 a - a +2 dagger
 w - a +2 dagger of venom (weapon)
Armour
 b - a +0 robe
 s - a +0 robe (worn)
Jewellery
 q - a ring of protection from cold (left hand)
Wands
 m - a wand of paralysis (5)
 x - a wand of flame (15)
Scrolls
 e - a scroll of identify
 h - 4 scrolls of teleportation
 i - a scroll of magic mapping
 l - a scroll of enchant weapon
 p - a scroll of blinking
 v - a scroll of enchant armour {unknown}
Potions
 c - 4 potions of curing
 f - a potion of magic
 g - 2 potions of stabbing
 j - 5 potions of flight
 k - 4 potions of heal wounds
 n - a potion of cancellation {unknown}
 o - a potion of haste {unknown}
 r - 2 potions of ambrosia {unknown}
 t - 2 potions of degeneration {unknown}
 u - a potion of brilliance {unknown}
 z - a potion of might {unknown}
Comestibles
 d - 5 rations


   Skills:
 + Level 1.1 Fighting
 + Level 2.7 Short Blades
 * Level 5.7 Dodging
 + Level 7.8 Stealth
 + Level 4.3 Spellcasting
 * Level 6.2 Hexes
 + Level 1.6 Ice Magic


You had 8 spell levels left.
You knew the following spells:

 Your Spells              Type           Power        Failure   Level  Hunger
a - Corona                Hex            ###....      1%          1    None
b - Ensorcelled Hibernat  Hex/Ice        ###...       4%          2    ##.....
c - Confusing Touch       Hex            ###.....     3%          3    ###....

Your spell library contained the following spells:

 Spells                   Type           Power        Failure   Level  Hunger
 Tukima's Dance           Hex            ###.....     3%          3    ###....
 Dazzling Flash           Conj/Hex       ##....       14%         3    ###....


Dungeon Overview and Level Annotations

Branches:
Dungeon (5/15)             Temple (0/1) D:5           Sewer (1/1)

Altars:
Hepliaklqana

Shops:
D:4 ?*   D:5 [


Innate Abilities, Weirdness & Mutations

You are very small and have problems with some larger weapons.
You are too small for most types of armour.
You have supernaturally acute eyesight. (SInv)
You are a herbivore.
You cover ground extremely quickly.
You need to consume almost no food.


Message History

The drowned soul touches you. The drowned soul drowns you.
* * * LOW HITPOINT WARNING * * *
The drowned soul touches you.
* * * LOW HITPOINT WARNING * * *
The drowned soul drowns you.
* * * LOW HITPOINT WARNING * * *
The malarious merfolk avatar chants its luring song.
Unknown command.
Your unstable footing causes you to fumble your attack.
The malarious merfolk avatar chants its luring song.
You hit the malarious merfolk avatar but do no damage.
The malarious merfolk avatar is moderately wounded.
The malarious merfolk avatar chants its luring song.
You barely miss the malarious merfolk avatar.
The malarious merfolk avatar is moderately wounded.
The malarious merfolk avatar chants its luring song.
The drowned soul touches you.
* * * LOW HITPOINT WARNING * * *
The drowned soul drowns you.
You die...

≈≈≈≈≈≈≈≈## #..###..#
≈≈≈≈≈≈≈≈≈≈# ##.## #≈≈###
≈≈W≈≈≈≈≈≈≈###..# #≈≈.†.
≈≈≈≈≈≈≈≈≈≈≈≈#..#########
≈≈≈≈≈≈≈≈≈≈†≈≈≈≈≈≈≈≈≈≈≈≈#
≈≈≈≈≈≈≈≈≈≈≈≈#.†########≈
≈≈≈≈≈≈≈≈≈≈###.†# ##
≈≈≈≈≈≈≈≈≈.# #..#
≈≈≈≈≈≈W@≈.# #..#
≈≈≈≈≈≈m≈≈.# ####
≈≈≈≈≈≈≈W≈.+ ≈≈≈≈≈≈≈W≈≈#
≈≈≈≈≈≈≈≈≈≈≈ ≈≈≈≈≈≈≈≈≈≈≈≈
≈≈≈≈≈≈≈≈≈≈≈≈≈
##############


You could see a malarious merfolk avatar (mesmerising, poisoned) and 4 drowned
souls.

Vanquished Creatures
  Sigmund (D:3)
  A bullfrog (D:3)
  2 scorpions (D:4)
  2 crimson imps (D:5)
  A hound (D:4)
  A jelly (D:2)
  A worker ant (D:4)
  A merfolk siren (Sewer)
  Robin (D:4)
  3 gnolls (D:4)
  7 adders
  3 river rats (Sewer)
  2 oozes
  2 worms
  3 dart slugs
  10 leopard geckos
  4 orcs (D:5)
  5 bats
  2 giant cockroaches (D:1)
  11 goblins
  15 hobgoblins
  A quokka (D:3)
  4 ball pythons
  12 frilled lizards
  13 kobolds
  A quokka zombie (D:5)
  33 rats
142 creatures vanquished.

Notes
Turn   | Place    | Note
-------+----------+-------------------------------------------
     0 | D:1      | McIrco the Spriggan Enchanter began the quest for the Orb.
     0 | D:1      | Reached XP level 1. HP: 9/9 MP: 5/5
   269 | D:1      | Reached XP level 2. HP: 13/13 MP: 7/7
   273 | D:1      | Learned a level 2 spell: Ensorcelled Hibernation
  1445 | D:2      | Reached XP level 3. HP: 16/16 MP: 5/8
  1519 | D:1      | Learned a level 3 spell: Confusing Touch
  2399 | D:2      | Reached skill level 5 in Stealth
  2822 | D:3      | Noticed a bullfrog
  2823 | D:3      | Reached XP level 4. HP: 21/21 MP: 10/10
  2830 | D:3      | Killed a bullfrog
  2830 | D:3      | Reached skill level 5 in Hexes
  2910 | D:3      | Reached XP level 5. HP: 24/24 MP: 11/11
  2913 | D:3      | Noticed Sigmund
  3139 | D:3      | Killed Sigmund
  3139 | D:3      | Reached skill level 6 in Stealth
  3139 | D:3      | Reached skill level 1 in Ice Magic
  3139 | D:3      | Reached XP level 6. HP: 23/28 MP: 7/12
  3376 | D:3      | Found a hazy altar of Hepliaklqana.
  4118 | D:4      | Found Ovaces's Assorted Antiques.
  4309 | D:4      | Reached skill level 7 in Stealth
  4333 | D:4      | Found Buojoum's Magic Scroll Emporium.
  4339 | D:4      | Bought a scroll of blinking for 97 gold pieces
  4353 | D:4      | Bought a glowing grey potion for 21 gold pieces
  4353 | D:4      | Bought a pink potion for 21 gold pieces
  4353 | D:4      | Bought a purple potion for 21 gold pieces
  4388 | D:4      | Noticed Robin
  4840 | D:4      | Reached skill level 5 in Dodging
  4840 | D:4      | Reached XP level 7. HP: 32/32 MP: 11/14
  5187 | D:4      | Killed Robin
  5422 | D:5      | Entered Level 5 of the Dungeon
  5448 | D:5      | Reached skill level 1 in Fighting
  5462 | D:5      | Found Nuogodato's Antique Armour Emporium.
  5549 | D:5      | Found a glowing drain.
  5562 | Sewer    | Entered a sewer
  6091 | Sewer    | Drowned by a drowned soul

Illustrated notes

Levels and vault maps discovered:
D:1:      dpeg_arrival_arbitrary_c, layout_loops_ring, minmay_tromino_v2
D:2:      minmay_chambers_of_ones, layout_loops_ring, first_ration
D:3:      layout_basic, lemuel_round_altar, uniq_sigmund
D:4:      layout_basic, serial_shops, nicolae_shop_statue_plus, shop, uniq_robin
D:5:      layout_basic, minmay_temple_entry_arrows, gup_sewer_entry_bubbles,
          serial_shops, shop
Sewer:    sewer_sea

Skill      XL: |  1  2  3  4  5  6  7 |
---------------+----------------------+-----
Hexes          | 4 5 6 |  6.2
Spellcasting   | 3 4 |  4.3
Stealth        | 5 6 7 |  7.8
Short Blades   | 2 |  2.7
Dodging        | 4 5 |  5.7
Ice Magic      | 1 |  1.6
Fighting       | 1 |  1.1

Action                   |  1- 3 |  4- 6 |  7- 9 || total
-------------------------+-------+-------+-------++-------
Melee: Dagger            |   125 |    57 |   152 ||   334
 Cast: Corona            |     2 |       |       ||     2
       Ensorcelled Hiber |    33 |    34 |    31 ||    98
       Confusing Touch   |       |     1 |     3 ||     4
  Use: Scroll            |       |    11 |     1 ||    12
       Potion            |       |       |     1 ||     1
 Stab: Sleeping          |    33 |    29 |    23 ||    85
       Confused          |       |     2 |     1 ||     3
  Eat: Ration            |     1 |     2 |     1 ||     4
Armor: Robe              |     7 |     6 |     9 ||    22
Dodge: Dodged            |   124 |    51 |   105 ||   280
